 Dungeon Crawl Stone Soup version 0.19.5 (webtiles) character file.

16 Loki the Digger (level 2, 9/22 HPs)
             Began as a Deep Dwarf Earth Elementalist on July 29, 2018.
             Quit the game on level 1 of the Dungeon.
             The game lasted 00:03:52 (762 turns).

Loki the Digger (Deep Dwarf Earth Elementalist)      Turns: 762, Time: 00:03:54

Health: 9/22       AC:  2    Str: 11    XL:     2   Next: 37%
Magic:  0/5        EV: 12    Int: 15    God:
Gold:   42         SH:  0    Dex: 13    Spells: 2 memorised, 2 levels left

rFire  . . .     SeeInvis .     a - -3 hunting sling (curse)
rCold  . . .     Gourm    .     c - +0 robe
rNeg   . . .     Faith    .     (no shield)
rPois  .         Spirit   .     (no helmet)
rElec  .         Reflect  .     (no cloak)
rCorr  .         Harm     .     (no gloves)
MR     .....                    (no boots)
Stlth  ++........               (no amulet)
                                (no ring)
                                (no ring)

@: non-regenerating
A: damage resistance, recharge devices, sense surroundings 1, slow regeneration
3
a: Device Recharging


You were on level 1 of the Dungeon.
You were not hungry.

You visited 1 branch of the dungeon, and saw 2 of its levels.

You collected 42 gold pieces.

Inventory:

Hand Weapons
 a - a cursed -3 hunting sling (weapon)
 i - a +2 whip of distortion
Missiles
 b - 20 stones (quivered)
Armour
 c - a +0 robe (worn)
Wands
 d - a wand of heal wounds (5/9)
Scrolls
 k - a scroll of identify {unknown}
 l - a scroll of recharging {unknown}
Potions
 h - 2 potions of heal wounds {unknown}
 j - 2 potions of cancellation {unknown}
 m - a potion of mutation {unknown}
Books
 e - a book of Geomancy

   Spells                             Type                      Level
   a - Sandblast                      Earth                        1
   b - Passwall                       Transmutation/Earth          2
   c - Stone Arrow                    Conjuration/Earth            3
   d - Petrify                        Transmutation/Earth          4
   e - Lee's Rapid Deconstruction     Earth                        5
Comestibles
 f - a bread ration
 g - 3 chunks of flesh


   Skills:
 - Level 2.1 Dodging
 - Level 2.4 Stealth
 + Level 2.0 Spellcasting
 + Level 0.8 Transmutations
 * Level 4.5 Earth Magic
 + Level 1.3 Evocations


You had 2 spell levels left.
You knew the following spells:

 Your Spells              Type           Power        Failure   Level  Hunger
a - Sandblast             Erth           ###...       3%          1    #......
w - Passwall              Tmut/Erth      #.........   12%         2    ###....


Dungeon Overview and Level Annotations

Branches:
Dungeon (2/15)

Altars:

Annotations:
D:1 exclusions: hobgoblin and leopard gecko


Innate Abilities, Weirdness & Mutations

You are resistant to damage.
You can recharge devices by infusing magical energy.
You passively map a small area around you.
You do not regenerate.


Message History

Aiming: Sandblast
Press: ? - help, Shift-Dir - straight line, f/p - hobgoblin
Aim: a hobgoblin, wielding a club and wearing a ring mail (unusually strong)
The blast of sand hits the hobgoblin.
The hobgoblin barely misses you.
Casting: Sandblast
Confirm with . or Enter, or press ? or * to list all spells.
Aiming: Sandblast
Press: ? - help, Shift-Dir - straight line, f/p - hobgoblin
Aim: a hobgoblin, wielding a club and wearing a ring mail (unusually strong)
The blast of sand hits the hobgoblin.
The hobgoblin hits you with a club!
Casting: Sandblast
Confirm with . or Enter, or press ? or * to list all spells.
You don't have enough magic to cast that spell.
Unknown command.
Press: ? - help, v - describe, . - travel
Here: a hobgoblin, wielding a club and wearing a ring mail (unusually strong)
An open door.
Unknown command.
Unknown command.
Are you sure you want to abandon this character and quit the game? (Confirm with "yes".)

.### #.#.# ,... ...#
#.#.# #...... , , .#.#
#.#'###..... >#.######
#..........#* .#......#
#.......... * .#......#
#......g... .##.....#
#.......... .#......#
#)#g# #'# .#[.....#
##+#@# #†# * .#......#
#....###.# * * .#.#.#÷##
#........# .#.#.#.#
#...######.# .#.#.#.#
#...'......#
.#.#.#.######...########
.#..........'.......# ,
.###.#.######...###.# *
..)..#.# #...# #.# *


You could see a hobgoblin.

Vanquished Creatures
  A leopard gecko (D:1)
  2 bats (D:1)
  3 goblins (D:1)
  A hobgoblin (D:1)
  3 jackals (D:1)
  A kobold (D:1)
  2 rats (D:1)
13 creatures vanquished.

Notes
Turn   | Place    | Note
-------+----------+-------------------------------------------
     0 | D:1      | Loki the Deep Dwarf Earth Elementalist began the quest for the Orb.
     0 | D:1      | Reached XP level 1. HP: 15/15 MP: 3/3
   288 | D:1      | Reached skill level 1 in Evocations
   397 | D:1      | Reached XP level 2. HP: 22/22 MP: 0/4
   689 | D:1      | Learned a level 2 spell: Passwall
   762 | D:1      | Quit the game

Skill      XL: |  1  2 |
---------------+-------+-----
Evocations     | 1 |  1.3
Spellcasting   | 2 |  2.0
Dodging        | |  2.1
Stealth        | |  2.4
Transmutations | |  0.8
Earth Magic    | |  4.5

Action                   || total
-------------------------++-------
Melee: Hunting sling     ||     7
 Cast: Sandblast         ||    26
Armor: Robe              ||     5
Dodge: Dodged            ||    24
